 Dungeon Crawl Stone Soup version 0.19-a0-1886-gd64a0f0 (webtiles) character file.

775627 Alarkh the Eclecticist (level 27, -12/213 HPs)
             Began as a Mummy Skald on Oct 15, 2016.
             Was the Champion of Makhleb.
             Mangled by Vyre the pandemonium lord (15 damage)
             ... in Pandemonium on Oct 16, 2016.
             The game lasted 06:03:42 (104094 turns).

Alarkh the Eclecticist (Mummy Skald)              Turns: 104094, Time: 06:03:44

Health: -12/213    AC: 34    Str: 12 (15) XL:     27
Magic:  25/47      EV: 14    Int:  2 (21) God:    Makhleb [******]
Gold:   6460       SH: 13    Dex: 12 (14) Spells: 10 memorised, 27 levels left

rFire  + . .     SeeInvis +     a - staff of earth
rCold  + . .     Gourm    .     H - +1 fire dragon scales
rNeg   + + +     Faith    .     E - +0 shield {reflect}
rPois  ∞         Spirit   .     d - +2 helmet {SInv}
rElec  +         Dismiss  .     M - +2 cloak {MR+}
rCorr  +         Reflect  +     j - +1 pair of gloves {Str+3}
MR     ++++.     Harm     .     t - +2 pair of boots {Fly}
Stlth  ++........               o - amulet "Hyubb" {rElec Regen+}
                                c - ring "Zuisat" {rCorr rC+ rN+ Str-4}
                                p - ring of Robustness {AC+8}

@: flying, very slightly contaminated
A: no food or potions, fire vulnerability, cold resistance 1, negative energy
resistance 3, torment resistance, unbreathing, in touch with death 2
a: Minor Destruction, Lesser Servant of Makhleb, Major Destruction, Greater
Servant of Makhleb, Renounce Religion, Stop Flying
}: 4/15 runes: decaying, serpentine, golden, abyssal


You were in Pandemonium.
You worshipped Makhleb.
Makhleb was exalted by your worship.
You were not hungry.

You visited 12 branches of the dungeon, and saw 51 of its levels.
You visited Pandemonium 1 time, and saw 8 of its levels.
You visited the Abyss 7 times.
You visited 1 bazaar.
You also visited: Trove, Sewer, Ossuary, Bailey and Wizlab.

You collected 12469 gold pieces.
You spent 6009 gold pieces at shops.

Inventory:

Armour
 d - a +2 helmet of see invisible (worn)
 j - a +1 pair of gloves of strength (worn)
 t - a +2 pair of boots of flying (worn)
 E - a +0 shield of reflection (worn)
 H - +1 fire dragon scales (worn)
 M - a +2 cloak of magic resistance (worn)
Magical Staves
 a - an uncursed staff of earth (weapon)
 b - an uncursed staff of energy
Jewellery
 c - the ring "Zuisat" (right hand) {rCorr rC+ rN+ Str-4}
   (You bought it in a shop on level 2 of the Orcish Mines)

   [ring of resist corrosion]

   It affects your strength (-4).
   It protects you from cold.
   It protects you from negative energy.
 o - the amulet "Hyubb" (around neck) {rElec Regen+}
   (You found it on level 1 of the Crypt)

   [amulet of regeneration]

   It insulates you from electricity.
   It increases your rate of regeneration.
 p - the ring of Robustness (left hand) {AC+8}
   (You took it off a deep elf elementalist on level 3 of the Elven Halls)

   [ring of protection]

   It affects your AC (+8).
Wands
 h - a wand of heal wounds (1/9)
 r - a wand of digging (13/24)
 s - a wand of hasting (1/9)
 C - a wand of teleportation (4/9)
 F - a wand of digging (8/24)
 O - a wand of disintegration (1/24)
Scrolls
 e - 11 scrolls of identify
 g - 10 scrolls of magic mapping
 k - a scroll of enchant armour
 n - 4 scrolls of silence
 q - a scroll of fear
 u - 21 scrolls of remove curse
 v - 3 scrolls of blinking
 A - 10 scrolls of recharging
 B - 3 scrolls of torment
 I - 13 scrolls of fog
 S - 2 scrolls of summoning
Miscellaneous
 f - a phantom mirror
 i - a crystal ball of energy
 z - a figurine of a ziggurat


   Skills:
 - Level 16.8 Fighting
   Level 14.0(14.5) Polearms
 + Level 7.1(11.5) Staves
 - Level 12.7 Armour
 - Level 12.6 Dodging
 - Level 9.0 Stealth
 - Level 15.0 Shields
 * Level 20.1 Spellcasting
 * Level 17.8 Conjurations
 - Level 7.6 Charms
 * Level 14.9 Summonings
 * Level 17.6 Earth Magic
 - Level 8.0 Invocations
 + Level 10.4 Evocations


You had 27 spell levels left.
You knew the following spells:

 Your Spells              Type           Power        Failure   Level  Hunger
a - Iron Shot             Conj/Erth      ##........   4%          6    N/A
b - Blink                 Tloc           N/A          58%         2    N/A
c - Spectral Weapon       Hex/Chrm       #.......     28%         3    N/A
d - Repel Missiles        Chrm/Air       #.....       14%         2    N/A
e - Aura of Abjuration    Summ           #.........   2%          5    N/A
g - Shatter               Erth           ##........   100%        9    N/A
h - Shroud of Golubria    Chrm/Tloc      #.........   14%         2    N/A
r - Song of Slaying       Chrm           #.......     2%          2    N/A
t - Apportation           Tloc           #.........   38%         1    N/A
z - Spellforged Servitor  Conj/Summ      #.........   43%         7    N/A

Dungeon Overview and Level Annotations

Branches:
Dungeon (15/15)            Temple (1/1) D:6            Lair (6/6) D:8
  Swamp (4/4) Lair:2        Snake (4/4) Lair:3        Slime (0/5) Lair:6
    Orc (2/2) D:11            Elf (3/3) Orc:2        Vaults (4/5) D:14
  Crypt (3/3) Vaults:2       Tomb (3/3) Crypt:3      Depths (5/5) D:15
   Hell (1/1)                 Dis (0/7) Hell            Geh (0/7) Hell
    Coc (0/7) Hell            Tar (0/7) Hell            Zot (0/5) Depths:5

Altars:
Ashenzari
Cheibriados
Dithmenos
Elyvilon
Fedhas
Gozag
Hepliaklqana
Kikubaaqudgha
Makhleb
Nemelex Xobeh
Okawaru
Qazlal
Ru
Sif Muna
Trog
Uskayaw
Vehumet
Xom
Yredelemnul
Zin
The Shining One
Beogh

Shops:
D:8 *   Orc:2 [=%=   Elf:3 :*   Vaults:2 ??   Vaults:3 [   Depths:3 [((

Portals:
Hell: Depths:1 Depths:2 Depths:3 Depths:4 Depths:5
Abyss: Depths:1 Depths:4 Depths:5
Pandemonium: Depths:3
Ziggurat: Depths:4

Annotations:
Pan Mnoleg


Innate Abilities, Weirdness & Mutations

You do not eat or drink.
Your flesh is vulnerable to fire.
You are immune to poison.
Your flesh is cold resistant. (rC+)
You are immune to negative energy. (rN+++)
You are immune to unholy pain and torment.
You can survive without breathing.
You are strongly in touch with the powers of death.


Message History

Vyre is almost dead.
Vyre closely misses you.
You completely miss Vyre.
Vyre is almost dead.
You block Vyre's attack.
You barely miss Vyre.
Vyre is almost dead.
Vyre closely misses you.
You miss Vyre.
Vyre is almost dead.
Vyre hits you!!
* * * LOW HITPOINT WARNING * * *
Vyre barely misses you.
You completely miss Vyre.
Vyre is almost dead.
Vyre closely misses you.
You completely miss Vyre.
Vyre is almost dead.
Vyre hits you!
You die...

#...#......#
#...#......#
#).##......#
#######..#....:..#
#........#.......#
#........#..###..#
#........#..###..#
###'######.......#
................@#
....###...######&#
....###...## #4#
...........# #5#
..........# #X#
........X.# #3#
.........5######5#
........35.5.4...#
...###############


You could see Vyre, a large abomination, a neqoxec, a chaos spawn, a quasit and
an ufetubus.

Vanquished Creatures
  2 ancient liches
  Sojobo (Depths:4)
  A juggernaut (Depths:2)
  Boris (Vaults:4)
  30 greater mummies
  A pandemonium lord (Pan)
  Bai Suzhen (Depths:1)
  Saint Roka (Vaults:2)
  Geryon (Hell)
  2 caustic shrikes (Depths:2)
  Jory (Crypt:3)
  Nikola (Swamp:1)
  4 golden dragons
  2 bone dragons (Abyss:1)
  14 liches
  4 tentacled monstrosities
  A moon troll (WizLab)
  2 Ice Fiends (Pan)
  Rupert (D:15)
  4 deep elf blademasters
  2 deep elf master archers
  Asterion (Vaults:2)
  3 titans (Abyss:1)
  8 Executioners (Pan)
  A quicksilver dragon (Depths:2)
  Frances (Swamp:1)
  6 sphinxes
  11 ancient champions
  3 thorn hunters
  A warmonger (Pan)
  4 tengu reavers
  37 tentacled starspawn
  2 storm dragons
  Roxanne (Swamp:1)
  11 fire giants
  7 shadow dragons
  Agnes (Elf:2)
  Donald (Elf:3)
  9 revenants
  A blood saint (Pan)
  2 daevas (Abyss:2)
  13 nagarajas
  13 deep elf sorcerers
  13 vault wardens
  A draconian knight (Depths:5)
  9 frost giants
  A corrupter (Pan)
  9 cacodemons
  A ghost moth (Abyss:3)
  An iron dragon (Hell)
  7 balrugs
  4 curse skulls
  A juggernaut zombie (Depths:4)
  17 ironheart preservers
  8 deep elf elementalists
  Aizul (Snake:3)
  31 very ugly things
  4 ghouls
  6 reapers
  2 entropy weavers
  A green draconian (Depths:5)
  6 war gargoyles
  23 stone giants
  The ghost of Torious the Destroyer, a journeyman DECj of Sif Muna (Orc:2)
  7 deep elf demonologists
  7 bennus
  A juggernaut skeleton (Depths:4)
  10 deep elf annihilators
  A black sun (Pan)
  22 vampire knights
  A white draconian (Abyss:1)
  4 purple draconians
  2 yellow draconians (Depths:5)
  4 lorocyprocas
  Azrael (Orc:1)
  A red draconian (Depths:5)
  A mottled draconian (Depths:5)
  A black draconian (Depths:5)
  2 eidola
  6 spark wasps
  8 deep elf death magi
  6 ettins
  4 green deaths
  7 blizzard demons
  A merfolk impaler (Depths:1)
  5 fire dragons
  Josephine (D:10)
  2 crystal guardians
  A merfolk javelineer (Abyss:3)
  The ghost of zkyp the Grappler, a journeyman TrGl of Gozag (D:10)
  20 mummy priests
  Harold (Orc:2)
  18 jiangshi
  14 great orbs of eyes
  13 rakshasas
  19 naga warriors
  49 small abominations
  8 deep elf high priests
  5 vault guards
  A kraken zombie (Hell)
  4 yaktaur captains
  A quicksilver dragon skeleton (Crypt:1)
  25 hydras
  A ghost crab (Swamp:4)
  10 ice dragons
  2 spriggan air magi
  Erica (Lair:2)
  7 anacondas
  11 centaur warriors
  3 death knights
  24 dancing weapons
  A satyr (Abyss:3)
  23 ogre magi
  19 death scarabs
  9 death yaks (Lair:6)
  9 deep troll earth magi
  9 deep troll shamans
  17 tengu warriors
  15 hell hogs
  12 alligators
  12 vampire magi
  Nergalle (Lair:3)
  Urug (D:10)
  14 naga sharpshooters
  11 spriggan berserkers
  17 thrashing horrors
  24 deep elf knights
  8 shock serpents
  Sonja (D:15)
  5 shadow wraiths
  9 soul eaters
  4 salamander mystics
  20 sun demons
  12 hell knights
  7 spatial maelstroms (Abyss:1)
  18 sixfirhies
  A titan skeleton (Depths:4)
  2 iron trolls (Depths:2)
  21 wretched stars
  11 unseen horrors
  67 skeletal warriors
  66 large abominations
  2 infernal demonspawn (Pan)
  2 anaconda zombies
  A storm dragon skeleton (Tomb:2)
  37 deep trolls
  A sea snake (shapeshifter) (Elf:1)
  An orange crystal statue (WizLab)
  3 spriggan druids
  14 glowing orange brains
  A golden dragon skeleton (Tomb:1)
  6 naga ritualists
  2 quicksilver dragon simulacra (Depths:2)
  A torturous demonspawn (Pan)
  7 flayed ghosts
  An unseen horror (shapeshifter) (Depths:3)
  6 wizards
  32 deep elf archers
  6 gelid demonspawn
  3 shambling mangroves
  10 swamp dragons
  2 shadow dragon zombies
  13 orc knights
  19 phantasmal warriors
  9 ironbrand convokers
  2 anaconda skeletons (Abyss:1)
  Pikel (D:7)
  13 hill giants
  10 necromancers
  2 wolf spiders
  An iron dragon zombie (Hell)
  13 mana vipers
  5 orc sorcerers
  An orb spider (Abyss:1)
  73 deep elf magi
  3 stone giant zombies
  A faun (shapeshifter) (Depths:5)
  A mana viper (shapeshifter) (D:15)
  31 ugly things
  2 shadow dragon skeletons
  A shining eye (shapeshifter) (Depths:1)
  A frost giant zombie (Crypt:1)
  17 worldbinders
  106 starcursed masses
  2 manticores (D:13)
  13 salamanders
  8 cyclopes
  2 dire elephant zombies
  An ice statue (Depths:2)
  Joseph (D:7)
  5 apocalypse crabs
  4 elephants
  A fire giant skeleton (Crypt:1)
  9 vault sentinels
  13 guardian serpents
  14 rust devils
  3 stone giant skeletons
  3 frost giant skeletons
  An alligator snapping turtle zombie (Crypt:1)
  37 black mambas
  Maurice (D:10)
  A torpor snail (Lair:6)
  A centaur skeleton (D:15)
  24 naga magi
  A storm dragon simulacrum (Abyss:2)
  7 hellions
  6 eyes of devastation
  16 spiny frogs
  13 orange demons
  31 smoke demons
  2 shock serpent skeletons
  A torpor snail (shapeshifter) (Depths:3)
  A komodo dragon (shapeshifter) (Depths:2)
  58 yaktaurs
  A dire elephant skeleton (Tomb:3)
  12 freezing wraiths
  2 rime drakes
  2 efreet (Abyss:1)
  3 demonic crawlers
  A catoblepas skeleton (Abyss:2)
  A mottled draconian skeleton (Crypt:2)
  3 kobold demonologists
  7 komodo dragons
  A pale draconian zombie (Crypt:1)
  8 ice devils
  The ghost of Tux the Magician, a novice DEFE (Ossuary)
  35 guardian mummies
  3 tengu conjurers
  2 golden dragon simulacra
  14 hellwings
  4 tormentors
  2 hydra zombies (Hell)
  21 ancient zymes
  A jumping spider (Vaults:2)
  15 red devils
  A death yak skeleton (Crypt:2)
  9 polar bears
  A silent spectre (Abyss:1)
  9 trolls
  2 hydra skeletons (Hell)
  3 meliai (D:15)
  A troll (shapeshifter) (Abyss:1)
  A blink frog (shapeshifter) (Abyss:1)
  20 hornets
  9 tyrant leeches
  A queen ant zombie (Crypt:2)
  A tarantella zombie (Crypt:1)
  A harpy skeleton (Abyss:1)
  A moth of wrath zombie (Crypt:3)
  16 blink frogs
  34 slime creatures
  31 two-headed ogres
  A frost giant simulacrum (Tomb:3)
  13 bog bodies
  2 hornets (shapeshifter)
  61 raiju
  2 slime creatures (shapeshifter)
  Grinder (D:6)
  2 ice dragon zombies
  A stone giant simulacrum (Tomb:3)
  A fire dragon zombie (Abyss:1)
  6 dream sheep (Lair:6)
  7 hippogriffs
  3 ettin zombies
  6 air elementals
  41 flying skulls
  An ice dragon skeleton (Abyss:1)
  13 shadows
  9 water elementals
  2 alligator skeletons
  A spriggan (shapeshifter) (Vaults:4)
  13 spriggans
  2 ettin skeletons
  A redback (shapeshifter) (D:15)
  2 redbacks (Vaults:2)
  25 wraiths
  The ghost of zkyp the Ruffian, an amateur TrGl (D:4)
  4 vampires
  34 ushabtiu
  3 wyverns
  31 ynoxinuls
  49 yaks
  An elf zombie (Depths:4)
  16 golden eyes
  4 hogs (D:7)
  9 fire elementals
  A human (shapeshifter) (Depths:1)
  5 basilisks
  A human (D:7)
  A golden eye (shapeshifter) (D:14)
  A basilisk (shapeshifter) (Depths:2)
  26 neqoxecs
  3 steam dragons
  10 fire bats (Abyss:1)
  4 hungry ghosts
  15 chaos spawn
  5 spatial vortices (Abyss:1)
  6 mottled dragons
  11 insubstantial wisps
  A mottled dragon (shapeshifter) (D:15)
  33 swamp worms
  24 vampire mosquitoes
  A yaktaur simulacrum (Vaults:1)
  66 nagas
  3 soldier ants
  12 wargs
  A spiny frog zombie (Crypt:1)
  A hydra simulacrum (Crypt:1)
  8 porcupines
  A floating eye (Pan)
  30 hell hounds
  A torturous demonspawn skeleton (Crypt:3)
  10 water moccasins
  13 swamp drakes
  2 spiny frog skeletons
  A hornet zombie (D:6)
  A slave (D:7)
  3 necrophages (Crypt:2)
  40 orc warriors
  Purgy (Sewer)
  16 black bears
  2 ettin simulacra (Depths:2)
  3 ice beasts
  5 eyes of draining
  2 phantoms
  A tengu (shapeshifter) (Vaults:3)
  7 sky beasts
  An ogre (shapeshifter) (Depths:1)
  19 wolves
  88 ogres
  A snapping turtle zombie (Abyss:1)
  19 centaurs
  23 boggarts
  15 crocodiles
  A hog zombie (Crypt:1)
  A snapping turtle skeleton (Abyss:1)
  A draconian zombie (Crypt:3)
  A gnoll sergeant (D:11)
  A bullfrog (shapeshifter) (Abyss:1)
  15 bullfrogs
  A yaktaur zombie (Crypt:2)
  4 earth elementals
  A spiny frog simulacrum (Hell)
  A water moccasin zombie (Ossuary)
  A komodo dragon skeleton (Crypt:3)
  A wyvern zombie (Crypt:2)
  A wyvern skeleton (D:14)
  A water moccasin skeleton (Crypt:1)
  A cyclops skeleton (Crypt:2)
  A scorpion (D:6)
  An orc simulacrum (Vaults:1)
  A human simulacrum (Vaults:1)
  10 killer bees (D:7)
  5 howler monkeys
  21 wights
  8 electric eels
  9 crimson imps
  2 bullfrog zombies
  12 quasits
  21 hounds
  7 jellies
  24 orc wizards
  7 iron imps
  25 orc priests
  A human skeleton (Crypt:1)
  7 iguanas
  Ijyb (D:3)
  11 worker ants
  5 hell rats (Hell)
  2 polar bear simulacra (Lair:2)
  A wolf simulacrum (Lair:2)
  5 yak simulacra (Lair:2)
  An ogre zombie (Crypt:3)
  A tengu zombie (Tomb:1)
  2 big kobold zombies (Ossuary)
  A dwarf skeleton (Crypt:2)
  A hound zombie (D:6)
  A hound skeleton (D:4)
  37 mummies
  A howler monkey zombie (D:9)
  A worker ant zombie (Crypt:3)
  17 adders
  8 gnolls
  A howler monkey skeleton (D:5)
  A river rat (D:3)
  A steam dragon skeleton (Crypt:2)
  5 shadow imps
  15 white imps
  4 ufetubi
  An adder skeleton (D:5)
  3 adder zombies
  11 worms
  A worm (shapeshifter) (D:14)
  A dart slug (D:1)
  3 leopard geckos
  106 orcs
  2 ball pythons
  A bat zombie (Crypt:3)
  6 giant cockroaches
  2 gnoll zombies (Ossuary)
  9 goblins
  10 hobgoblins
  11 jackals
  10 kobolds
  3 quokkas
  A ball python skeleton (Crypt:1)
  6 bats
  A frilled lizard (D:1)
  3 hobgoblin zombies (Ossuary)
  2 kobold skeletons
  9 kobold zombies (Ossuary)
  A leopard gecko skeleton (D:9)
  5 orc zombies (Ossuary)
  2 quokka skeletons
  8 rats
  3 river rat simulacra (Lair:2)
  3 briar patches (Swamp:4)
  3 crawling corpses (Vaults:3)
  5 lurking horrors
  5 plants
  26 starspawn tentacles
  A tentacle (Hell)
3667 creatures vanquished.

Vanquished Creatures (collateral kills)
  2 pandemonium lords (Pan)
  A profane servitor (Abyss:1)
  A bone dragon (Abyss:1)
  2 Tzitzimimeh (Pan)
  A Brimstone Fiend (Pan)
  A hellephant (Pan)
  A tentacled monstrosity (Abyss:1)
  A titan (Abyss:1)
  3 Ice Fiends (Pan)
  2 deep elf blademasters (Depths:1)
  A tentacled starspawn (Abyss:1)
  A fire giant (Depths:1)
  A frost giant (Abyss:1)
  2 cacodemons (Pan)
  2 balrugs (Pan)
  A very ugly thing (Abyss:1)
  A stone giant (Abyss:1)
  A black draconian (Abyss:1)
  A green death (Pan)
  2 jiangshi (Abyss:1)
  A hell beast (Pan)
  2 deep elf knights
  2 soul eaters (Pan)
  4 large abominations (Pan)
  A thrashing horror (Abyss:1)
  3 wretched stars (Abyss:1)
  2 sixfirhies (Pan)
  An infernal demonspawn (Pan)
  2 gelid demonspawn (Pan)
  A torturous demonspawn (Pan)
  2 orc knights (Bailey)
  2 deep elf archers
  A deep elf mage (Abyss:1)
  A shining eye (Pan)
  2 orange demons
  An ancient zyme (Abyss:1)
  A red devil (Pan)
  A raiju (Abyss:1)
  A redback (Vaults:2)
  A ynoxinul (Abyss:1)
  2 fire bats (Abyss:1)
  A neqoxec (Pan)
  A chaos spawn (Abyss:1)
  A spatial vortex (Abyss:1)
  2 small abominations (Abyss:1)
  An orc warrior (Bailey)
  8 starcursed masses (Abyss:1)
  An iron imp (Abyss:1)
77 creatures vanquished.

Vanquished Creatures (others)
  A caustic shrike (Depths:2)
  2 deep elf master archers (Abyss:1)
  A fire giant (Depths:3)
  A bennu (Tomb:2)
  A deep elf annihilator (Elf:3)
  A spriggan air mage (Depths:2)
  A hell hog (Hell)
  35 death scarabs (Tomb:2)
  A naga sharpshooter (Snake:4)
  A soul eater (Pan)
  A salamander (Snake:3)
  2 smoke demons
  An orange demon (Abyss:1)
  A freezing wraith (Vaults:4)
  A yaktaur (Depths:5)
  An ancient zyme (Abyss:1)
  2 guardian mummies (Tomb:2)
  A red devil (Pan)
  2 raiju
  2 spriggans (Swamp:4)
  A flying skull (Tomb:2)
  A ynoxinul (Abyss:1)
  A starcursed mass (Abyss:1)
  5 golden eyes (Abyss:1)
  A chaos spawn (Abyss:1)
  A large abomination (Abyss:1)
  A hell hound (Hell)
  3 slaves (D:7)
  An ettin simulacrum (Depths:2)
  A small abomination (Abyss:1)
  A quasit (Abyss:1)
  An orc wizard (D:11)
  An orc priest (Orc:2)
  A hell rat (Hell)
  8 mummies (Tomb:2)
  4 white imps (Abyss:1)
  An orc (Orc:2)
  A kobold zombie (Ossuary)
  An orc zombie (Ossuary)
  A bush (Lair:6)
  30 fungi
  4 lurking horrors
  59 plants
  293 spectral weapons
  82 starspawn tentacles
  4 tentacles (Hell)
  20 withered plants (Crypt:3)
587 creatures vanquished.

Grand Total: 4331 creatures vanquished

Notes
Turn   | Place    | Note
-------+----------+-------------------------------------------
     0 | D:1      | Alarkh the Mummy Skald began the quest for the Orb.
     0 | D:1      | Reached XP level 1. HP: 16/16 MP: 3/3
   364 | D:1      | Reached XP level 2. HP: 22/22 MP: 0/5
   383 | D:1      | Learned a level 2 spell: Song of Slaying
   386 | D:1      | Learned a level 2 spell: Shroud of Golubria
   688 | D:2      | Reached XP level 3. HP: 26/27 MP: 0/6
   703 | D:2      | Found an iron altar of Okawaru.
   722 | D:2      | Became a worshipper of Warmaster Okawaru
  1065 | D:2      | Reached XP level 4. HP: 28/33 MP: 1/8
  1072 | D:2      | Learned a level 3 spell: Spectral Weapon
  1435 | D:3      | Found a glowing drain.
  1480 | Sewer    | Entered a sewer
  1545 | Sewer    | Noticed Enish's ghost (amateur TeAK)
  1605 | Sewer    | Noticed Purgy
  1619 | Sewer    | Killed Purgy
  1619 | Sewer    | Reached skill level 3 in Spellcasting
  1619 | Sewer    | Reached XP level 5. HP: 20/38 MP: 5/9
  1835 | D:3      | Noticed Ijyb
  1842 | D:3      | Killed Ijyb
  1938 | D:3      | Reached XP level 6. HP: 7/44 MP: 7/11
  2300 | D:3      | Reached * piety under Okawaru
  2305 | D:3      | Found a shattered altar of Ashenzari.
  2386 | D:3      | Found a blossoming altar of Fedhas.
  2386 | D:3      | Found a burning altar of Makhleb.
  2551 | D:2      | Found a shimmering altar of Xom.
  2745 | D:5      | Entered Level 5 of the Dungeon
  3079 | D:4      | Noticed zkyp's ghost (amateur TrGl)
  3130 | D:4      | Found a sand-covered staircase.
  3139 | Ossuary  | Entered an ossuary
  3218 | Ossuary  | Reached skill level 4 in Spellcasting
  3374 | Ossuary  | Noticed Tux's ghost (novice DEFE)
  3387 | Ossuary  | Killed Tux's ghost
  3387 | Ossuary  | Reached XP level 7. HP: 21/50 MP: 6/14
  3932 | D:4      | Killed zkyp's ghost
  3932 | D:4      | Reached skill level 5 in Spellcasting
  4782 | D:5      | Reached XP level 8. HP: 56/56 MP: 11/15
  4799 | D:5      | You fall through a shaft for 2 floors!
  4811 | D:7      | Reached skill level 5 in Polearms
  4811 | D:7      | Reached skill level 5 in Charms
  4901 | D:7      | Identified a scroll of acquirement
  5061 | D:7      | Found a sacrificial altar of Ru.
  5083 | D:7      | Found a flagged portal.
  5090 | D:7      | Reached ** piety under Okawaru
  5139 | Bailey   | Entered a bailey
  5165 | Bailey   | Reached skill level 6 in Spellcasting
  5654 | Bailey   | Noticed an orc knight
  5654 | Bailey   | Noticed an orc knight
  5655 | Bailey   | Noticed an orc knight
  5822 | Bailey   | Killed an orc knight
  5822 | Bailey   | Reached *** piety under Okawaru
  5822 | Bailey   | Reached XP level 9. HP: 61/61 MP: 14/18
  5834 | Bailey   | Killed an orc knight
  6006 | Bailey   | Killed an orc knight
  6006 | Bailey   | Reached skill level 7 in Spellcasting
  6025 | Bailey   | Got an encrusted crystal plate armour
  6046 | Bailey   | Noticed an orc knight
  6062 | Bailey   | Killed an orc knight
  6062 | Bailey   | Reached **** piety under Okawaru
  6357 | Bailey   | Identified the +4 crystal plate armour of Compression {-Tele rPois MR++} (You found it in a bailey)
  6415 | D:7      | Noticed Pikel
  6423 | D:7      | Killed Pikel
  6608 | D:6      | Reached XP level 10. HP: 22/67 MP: 16/21
  6618 | D:6      | Reached skill level 8 in Spellcasting
  6935 | D:5      | Found an opulent altar of Gozag.
  7430 | D:6      | Found a staircase to the Ecumenical Temple.
  7440 | D:6      | Noticed Grinder
  7443 | Temple   | Entered the Ecumenical Temple
  7668 | D:6      | Killed Grinder
  8072 | D:7      | Noticed Joseph
  8548 | D:7      | Killed Joseph
  8654 | D:7      | Reached ***** piety under Okawaru
  9218 | D:8      | Found a staircase to the Lair.
  9540 | D:8      | Found Wics's Assorted Antiques.
  9545 | D:8      | Bought a sharpened gold wand for 100 gold pieces
  9545 | D:8      | Bought a short copper wand for 100 gold pieces
  9545 | D:8      | Bought a pair of runed gloves for 262 gold pieces
  9978 | D:8      | Reached skill level 10 in Polearms
 10080 | D:8      | Reached skill level 1 in Dodging
 10332 | D:9      | Reached XP level 11. HP: 70/72 MP: 20/23
 10364 | D:9      | Reached skill level 1 in Armour
 10466 | D:9      | Found a shimmering altar of Xom.
 10532 | D:9      | Reached skill level 1 in Shields
 10537 | D:9      | Received a gift from Okawaru
 10768 | D:9      | Noticed a hill giant
 10781 | D:9      | Killed a hill giant
 10852 | D:9      | Received a gift from Okawaru
 10853 | D:9      | Got a dazzling plate armour {god gift}
 10864 | D:9      | Identified the +1 plate armour of Fun {Regen+ SInv} (Okawaru gifted it to you on level 9 of the Dungeon)
 11394 | D:10     | Entered Level 10 of the Dungeon
 11394 | D:10     | Noticed Maurice
 11394 | D:10     | Noticed a hill giant
 11437 | Lair:1   | Entered Level 1 of the Lair of Beasts
 12837 | Lair:2   | Identified the Grimoire of Captivating Translocation
 13364 | Lair:2   | Noticed Erica
 13443 | Lair:2   | Killed Erica
 13542 | Lair:2   | Found a staircase to the Swamp.
 13862 | Lair:2   | Noticed a necromancer
 13887 | Lair:2   | Killed a necromancer
 13887 | Lair:2   | Received a gift from Okawaru
 13887 | Lair:2   | Reached XP level 12. HP: 76/84 MP: 20/24
 14354 | Lair:3   | Noticed Nergalle
 14374 | Lair:3   | Killed Nergalle
 14374 | Lair:3   | Reached skill level 5 in Fighting
 14450 | Lair:3   | Found a staircase to the Snake Pit.
 14784 | Lair:3   | Received a gift from Okawaru
 15323 | Lair:4   | Learned a level 2 spell: Repel Missiles
 15326 | Lair:4   | Learned a level 2 spell: Blink
 15544 | Lair:4   | Received a gift from Okawaru
 16803 | Lair:4   | Got a fine granite ring
 16805 | Lair:4   | Identified the ring "Zieqas" {rF+ Int+3 Dex+3} (You acquired it on level 4 of the Lair of Beasts)
 16861 | Lair:5   | Noticed a five-headed hydra
 16868 | Lair:5   | Killed a five-headed hydra
 17128 | Lair:5   | Noticed a five-headed hydra
 17135 | Lair:5   | Killed a five-headed hydra
 17743 | Lair:6   | Entered Level 6 of the Lair of Beasts
 17771 | Lair:6   | Found a staircase to the Slime Pits.
 17794 | Lair:6   | Noticed a four-headed hydra
 17800 | Lair:6   | Killed a four-headed hydra
 17800 | Lair:6   | Gained mutation: You are in touch with the powers of death. [Mummy growth]
 17800 | Lair:6   | Reached XP level 13. HP: 82/94 MP: 22/25
 17835 | Lair:6   | Reached skill level 5 in Armour
 17951 | Lair:6   | Found a white marble altar of Elyvilon.
 18464 | Lair:6   | Reached skill level 5 in Dodging
 18497 | Lair:6   | Reached skill level 5 in Shields
 19172 | Lair:4   | Received a gift from Okawaru
 19173 | Lair:4   | Got a brightly glowing broad axe {god gift}
 19216 | Lair:4   | Got a fine robe
 19227 | Lair:4   | Identified the cursed +0 robe of the Buccaneer {rElec rPois} (You found it on level 4 of the Lair of Beasts)
 20008 | Lair:6   | Received a gift from Okawaru
 20725 | Lair:6   | Noticed a fire dragon
 20747 | Lair:6   | Killed a fire dragon
 21913 | Lair:6   | Reached XP level 14. HP: 104/104 MP: 26/26
 22488 | Lair:6   | Received a gift from Okawaru
 22694 | Lair:6   | Got an ancient robe
 22705 | Lair:6   | Identified the +1 robe of the Cricket {Str+2 Int+3 SInv} (You found it on level 6 of the Lair of Beasts)
 22918 | Lair:2   | Identified the +1 broad axe of the Jester {freeze, *Rage MR+ Dex+5} (Okawaru gifted it to you on level 4 of the Lair of Beasts)
 23057 | D:10     | Killed Maurice
 23092 | D:10     | Noticed Josephine
 23141 | D:10     | Reached skill level 1 in Invocations
 23152 | D:10     | Killed Josephine
 23152 | D:10     | Reached skill level 1 in Stealth
 23281 | D:10     | Noticed zkyp's ghost (journeyman TrGl)
 23330 | D:10     | Noticed Urug
 23348 | D:10     | Killed zkyp's ghost
 23360 | D:10     | Killed Urug
 23765 | D:11     | Found a staircase to the Orcish Mines.
 24148 | D:11     | Received a gift from Okawaru
 24151 | D:11     | Got a scorched cloak {god gift}
 24162 | D:11     | Identified the +2 cloak of the Thirteen Seas {rPois rN+ Str-5} (Okawaru gifted it to you on level 11 of the Dungeon)
 25390 | Orc:1    | Entered Level 1 of the Orcish Mines
 25789 | Orc:1    | Found a roughly hewn altar of Beogh.
 25911 | Orc:2    | Entered Level 2 of the Orcish Mines
 25935 | Orc:2    | Noticed Torious's ghost (journeyman DECj)
 26134 | Orc:2    | Killed Torious's ghost
 26205 | Orc:2    | Found a staircase to the Elven Halls.
 26242 | Orc:2    | Noticed Azrael
 26821 | Orc:1    | Noticed Harold
 26908 | Orc:2    | Killed Harold
 27113 | Orc:2    | Reached XP level 15. HP: 109/113 MP: 15/27
 27161 | Orc:2    | Found Igrybbeu's Jewellery Boutique.
 27161 | Orc:2    | Found Purokk's Jewellery Shoppe.
 27162 | Orc:2    | Found Xownariso's Food Shoppe.
 27162 | Orc:2    | Found Tohovva's Antique Armour Shop.
 27169 | Orc:2    | Bought an uncursed ring of flight for 192 gold pieces
 27189 | Orc:2    | Bought an uncursed amulet of faith for 480 gold pieces
 27604 | D:13     | Got a pair of spiked gloves
 27615 | D:13     | Identified the +1 pair of gloves "Hyuzeum" {Dex+5} (You found it on level 13 of the Dungeon)
 27713 | D:13     | Identified the Volume of Flames and Darkness
 27717 | D:13     | Learned a level 1 spell: Apportation
 28504 | D:14     | Reached ****** piety under Okawaru
 28629 | D:14     | Found a gate to the Vaults.
 28726 | D:14     | Received a gift from Okawaru
 29081 | D:15     | Entered Level 15 of the Dungeon
 29455 | D:15     | Found a staircase to the Depths.
 29534 | D:15     | Noticed Rupert
 29575 | D:15     | Killed Rupert
 29754 | D:15     | Received a gift from Okawaru
 29783 | D:15     | Noticed Sonja
 29810 | D:15     | Killed Sonja
 29810 | D:15     | Reached skill level 5 in Invocations
 30484 | Snake:1  | Entered Level 1 of the Snake Pit
 30836 | Swamp:1  | Entered Level 1 of the Swamp
 31024 | Swamp:1  | Received a gift from Okawaru
 31035 | Swamp:1  | Got a pair of steaming boots {god gift}
 31046 | Swamp:1  | Identified the -1 pair of boots of the Serpent {*Contam rElec Slay+4 SInv} (Okawaru gifted it to you on level 1 of the Swamp)
 31109 | Swamp:1  | Noticed Frances
 31146 | Swamp:1  | Killed Frances
 31544 | Swamp:1  | Noticed Roxanne
 31575 | Swamp:1  | Killed Roxanne
 31600 | Swamp:1  | Reached skill level 5 in Stealth
 31607 | Swamp:1  | Noticed Nikola
 31642 | Swamp:1  | Killed Nikola
 31642 | Swamp:1  | Reached skill level 10 in Fighting
 31642 | Swamp:1  | Reached XP level 16. HP: 89/122 MP: 28/28
 32027 | Swamp:2  | Received a gift from Okawaru
 32858 | Swamp:4  | Entered Level 4 of the Swamp
 33303 | Swamp:4  | Noticed a thorn hunter
 33321 | Swamp:4  | Killed a thorn hunter
 33672 | Swamp:3  | Noticed a thorn hunter
 33693 | Swamp:3  | Killed a thorn hunter
 33693 | Swamp:3  | Received a gift from Okawaru
 34255 | Swamp:3  | Found a runed door.
 34255 | Swamp:3  | Noticed a tentacled monstrosity
 34503 | Swamp:3  | Killed a tentacled monstrosity
 34608 | Swamp:2  | Received a gift from Okawaru
 34887 | Swamp:4  | Noticed a thorn hunter
 34899 | Swamp:4  | Killed a thorn hunter
 35224 | Swamp:4  | Received a gift from Okawaru
 35275 | Swamp:4  | Reached XP level 17. HP: 23/131 MP: 27/29
 35554 | Swamp:4  | Learned a level 3 spell: Lesser Beckoning
 35581 | Swamp:4  | Got a decaying rune of Zot
 36143 | Swamp:2  | Got a heavily runed plate armour {god gift}
 36154 | Swamp:2  | Identified the +6 plate armour of Intercession {rN+ rCorr} (Okawaru gifted it to you on level 2 of the Swamp)
 36593 | Lair:2   | Learned a level 6 spell: Iron Shot
 36837 | Vaults:1 | Entered Level 1 of the Vaults
 36867 | D:14     | Reached skill level 1 in Earth Magic
 37055 | Vaults:1 | Reached skill level 1 in Conjurations
 37261 | Vaults:1 | Received a gift from Okawaru
 37271 | Vaults:1 | Got a crude ring mail {god gift}
 37282 | Vaults:1 | Identified the +1 ring mail "Duci" {Int+4} (Okawaru gifted it to you on level 1 of the Vaults)
 37350 | Vaults:1 | Found a portal to a secret trove of treasure.
 37614 | Vaults:1 | Reached skill level 9 in Spellcasting
 37662 | Vaults:1 | Reached skill level 10 in Shields
 38536 | Vaults:1 | Received a gift from Okawaru
 39020 | Vaults:2 | Noticed Asterion
 39048 | Vaults:2 | Killed Asterion
 39055 | Vaults:2 | Found Moynich's Magic Scroll Shoppe.
 39082 | Vaults:2 | Bought a scroll of teleportation for 63 gold pieces
 39209 | Vaults:2 | Reached XP level 18. HP: 37/138 MP: 23/31
 39688 | Vaults:2 | Found Radep's Magic Scroll Shop.
 39839 | Vaults:2 | Received a gift from Okawaru
 39840 | Vaults:2 | Got a transparent trident {god gift}
 39846 | Vaults:2 | Identified the +4 trident "Weirij" {freeze, Dex+7 Stlth+} (Okawaru gifted it to you on level 2 of the Vaults)
 39889 | Vaults:2 | Noticed an ancient lich
 39921 | Vaults:2 | Killed an ancient lich
 39956 | Vaults:2 | Reached skill level 5 in Earth Magic
 40044 | Vaults:2 | Noticed Saint Roka
 40088 | Vaults:2 | Killed Saint Roka
 40088 | Vaults:2 | Received a gift from Okawaru
 40088 | Vaults:2 | Reached skill level 10 in Spellcasting
 40250 | Vaults:2 | Bought a scroll of teleportation for 54 gold pieces
 40585 | Vaults:2 | Reached skill level 5 in Conjurations
 40708 | Vaults:2 | Found a staircase to the Crypt.
 41326 | Vaults:3 | Received a gift from Okawaru
 42150 | Vaults:3 | Found Wopseff's Antique Armour Emporium.
 42158 | Vaults:3 | Bought a fine leather armour for 294 gold pieces
 42158 | Vaults:3 | Bought an encrusted scale mail for 378 gold pieces
 42168 | Vaults:3 | Identified the +3 leather armour of Cawoprunn {rF++ Dex-2} (You bought it in a shop on level 3 of the Vaults)
 42178 | Vaults:3 | Identified the cursed +0 scale mail "Qasas" {rCorr Str+4 Dex+4} (You bought it in a shop on level 3 of the Vaults)
 42178 | Vaults:3 | Bought an embroidered hat for 420 gold pieces
 42178 | Vaults:3 | Bought a thick robe for 239 gold pieces
 42199 | Vaults:3 | Identified the +1 robe of Tulips {Int+4 Dex+3} (You bought it in a shop on level 3 of the Vaults)
 42418 | Vaults:3 | Received a gift from Okawaru
 42426 | Vaults:3 | Reached XP level 19. HP: 135/144 MP: 24/33
 42455 | Vaults:3 | Got a pair of warped boots {god gift}
 42466 | Vaults:3 | Identified the +1 pair of boots of Masochism {Str+4} (Okawaru gifted it to you on level 3 of the Vaults)
 42809 | Vaults:3 | Found a radiant altar of Vehumet.
 43101 | Vaults:4 | Noticed Boris
 43146 | Vaults:4 | Killed Boris
 43146 | Vaults:4 | Reached skill level 11 in Spellcasting
 43735 | Vaults:4 | Reached skill level 10 in Armour
 43778 | Vaults:4 | Received a gift from Okawaru
 45409 | Depths:1 | Entered Level 1 of the Depths
 45425 | Depths:1 | Reached skill level 10 in Dodging
 45701 | Depths:1 | Found a one-way gate to the infinite horrors of the Abyss.
 45789 | Depths:1 | Noticed Bai Suzhen
 46157 | Depths:1 | Killed Bai Suzhen
 46157 | Depths:1 | Received a gift from Okawaru
 46157 | Depths:1 | Reached XP level 20. HP: 95/153 MP: 10/35
 46440 | Depths:1 | Reached skill level 12 in Spellcasting
 46820 | Depths:1 | Found a gateway to Hell.
 47214 | Orc:1    | Killed Azrael
 47233 | Elf:1    | Entered Level 1 of the Elven Halls
 47457 | Elf:1    | Found a magical portal.
 47466 | WizLab   | Entered Lehudib's Moon Base
 47489 | WizLab   | Paralysed by a great orb of eyes for 7 turns
 47666 | WizLab   | Received a gift from Okawaru
 48016 | WizLab   | Received a gift from Okawaru
 48815 | WizLab   | Got a scintillating lapis lazuli ring
 48820 | WizLab   | Got a faintly glowing amber ring
 48849 | WizLab   | Received a gift from Okawaru
 48850 | WizLab   | Got a wizard robe {god gift}
 48858 | WizLab   | Identified Lehudib's Papyrus of Excruciating Stones
 48860 | WizLab   | Identified the +1 robe of Beyond {Slay+3} (Okawaru gifted it to you in a wizard's laboratory)
 48861 | WizLab   | Identified the ring of Oheloer {*Drain +Inv +Fly rElec Int+5} (You found it in a wizard's laboratory)
 48862 | WizLab   | Identified the ring "Zyempiwk" {*Slow MR+ Int+7 Stlth-} (You found it in a wizard's laboratory)
 48863 | WizLab   | Identified a +9 rod of shadows (9/9) (You found it in a wizard's laboratory)
 49752 | Elf:1    | Reached XP level 21. HP: 88/161 MP: 12/37
 50104 | Elf:2    | Found a runed gate.
 50104 | Elf:2    | Found a runed gate.
 50104 | Elf:2    | Found a runed gate.
 50410 | Elf:2    | Received a gift from Okawaru
 50423 | Elf:2    | Got a steaming demon trident {god gift}
 50424 | Elf:2    | Identified the +8 demon trident of the Manifold Orbs {pierce, rN+} (Okawaru gifted it to you on level 2 of the Elven Halls)
 50651 | Elf:3    | Entered Level 3 of the Elven Halls
 50710 | Elf:3    | Found Xakk's One-of-a-Kind Books.
 50767 | Elf:3    | Found Xifoag's Assorted Antiques.
 50786 | Elf:3    | Bought a coral ring for 170 gold pieces
 51343 | Elf:2    | Noticed Agnes
 51355 | Elf:2    | Reached skill level 10 in Earth Magic
 51370 | Elf:2    | Killed Agnes
 51370 | Elf:2    | Reached skill level 13 in Spellcasting
 51937 | Elf:3    | Reached skill level 10 in Conjurations
 51944 | Elf:3    | Received a gift from Okawaru
 52452 | Elf:3    | Noticed Donald
 52545 | Elf:3    | Killed Donald
 52547 | Elf:3    | Got a scintillating turquoise ring
 52577 | Elf:3    | Got a pitted wooden ring
 52799 | Elf:3    | Got an uncursed crystal glaive {speed}
 52800 | Elf:3    | Identified the +7 glaive "Xauxah" {speed, -Tele *Drain Int+3 Dex+5} (You took it off a deep elf archer on level 3 of the Elven Halls)
 53060 | Elf:3    | Identified the ring "Faoceago" {rC+ rN+ MP+9 Str-3 Int+3} (You took it off Donald on level 3 of the Elven Halls)
 53062 | Elf:3    | Identified the ring "Vogheik" {rCorr rF+ Str+5} (You took it off a deep elf knight on level 3 of the Elven Halls)
 53642 | Vaults:1 | Received a gift from Okawaru
 53643 | Vaults:1 | Got a pair of slimy boots {god gift}
 53658 | Vaults:1 | Identified the +4 pair of boots of the Curious Runes {+Blink MR- Regen+ Int+4} (Okawaru gifted it to you on level 1 of the Vaults)
 53719 | Vaults:1 | You paid a toll of a +6 demon whip to enter a treasure trove
 53720 | Trove    | Entered a treasure trove
 53746 | Trove    | Got a crystal glaive
 53754 | Trove    | Got a dazzling bardiche
 53787 | Vaults:1 | Identified the +3 glaive of Precise Incision {chop, Int+4} (You found it in a treasure trove)
 53788 | Vaults:1 | Identified the +10 bardiche of Karma {venom, Str+7 Int-4 Dex+3 SInv} (You found it in a treasure trove)
 54355 | Orc:2    | Bought the ring of the Monkey {rF+ rN+ MR+ SInv} for 568 gold pieces
 54646 | Snake:1  | Reached XP level 22. HP: 170/172 MP: 39/39
 56869 | Snake:4  | Entered Level 4 of the Snake Pit
 57060 | Snake:4  | Reached skill level 14 in Spellcasting
 57078 | Snake:4  | Noticed Aizul
 57198 | Snake:3  | Killed Aizul
 57440 | Snake:4  | Received a gift from Okawaru
 57840 | Snake:4  | Found a stormy altar of Qazlal.
 58434 | Snake:4  | Got a serpentine rune of Zot
 58503 | Snake:4  | Received a gift from Okawaru
 59456 | Depths:2 | Found a bloodstained altar of Trog.
 59504 | Depths:2 | Noticed a juggernaut
 59507 | Depths:2 | Reached XP level 23. HP: 154/180 MP: 41/41
 59524 | Depths:2 | Killed a juggernaut
 59673 | Depths:2 | Noticed a caustic shrike
 59679 | Depths:2 | Noticed a caustic shrike
 59684 | Depths:2 | Reached skill level 15 in Fighting
 59699 | Depths:2 | Noticed a caustic shrike
 59699 | Depths:2 | Found a sparkling altar of Nemelex Xobeh.
 59979 | Crypt:1  | Entered Level 1 of the Crypt
 60544 | Crypt:1  | Received a gift from Okawaru
 60599 | Crypt:1  | Got a scintillating bronze amulet
 60600 | Crypt:1  | Identified the amulet "Hyubb" {rElec Regen+} (You found it on level 1 of the Crypt)
 60874 | Crypt:1  | Reached skill level 1 in Evocations
 62227 | Crypt:2  | Reached skill level 15 in Spellcasting
 62324 | Crypt:3  | Entered Level 3 of the Crypt
 62404 | Crypt:3  | Received a gift from Okawaru
 62753 | Crypt:3  | Found an ancient bone altar of Kikubaaqudgha.
 62792 | Crypt:3  | Paralysed by a vampire knight for 6 turns
 62797 | Crypt:3  | Noticed Jory
 63379 | Crypt:3  | Found a staircase to the Tomb.
 64133 | Crypt:3  | Reached XP level 24. HP: 190/190 MP: 40/42
 64153 | Crypt:3  | Killed Jory
 64156 | Crypt:3  | Got a heavily runed tin ring
 64157 | Crypt:3  | Identified the ring of Zin's Benevolence {rElec rF+ rN+ MP-9 Str+3} (You took it off Jory on level 3 of the Crypt)
 64255 | Crypt:3  | Got a crude bronze ring
 64255 | Crypt:3  | Got a wavering amber ring
 64260 | Crypt:3  | Identified the ring "Puiwk" {rN+ MR++} (You found it on level 3 of the Crypt)
 64261 | Crypt:3  | Identified the ring "Gydoghet" {+Inv rC+ rN+} (You found it on level 3 of the Crypt)
 64309 | Crypt:3  | Received a gift from Okawaru
 65611 | Depths:2 | Learned a level 9 spell: Shatter
 65632 | Depths:2 | Found a deep blue altar of Sif Muna.
 66252 | Depths:2 | Received a gift from Okawaru
 66257 | Depths:2 | Got a pair of ancient boots {god gift}
 66258 | Depths:2 | Identified the +1 pair of boots of Youthful Indiscretion {+Inv rPois MP+9} (Okawaru gifted it to you on level 2 of the Depths)
 67067 | Depths:2 | Found a radiant altar of Vehumet.
 67827 | Depths:3 | Reached skill level 16 in Spellcasting
 67865 | Depths:3 | Found Gozag's Antique Weapon Shop.
 67867 | Depths:3 | Found Gozag's Antique Weapon Shop.
 67885 | Depths:3 | Found an opulent altar of Gozag.
 67906 | Depths:3 | Found Gozag's Antique Armour Boutique.
 68262 | Depths:3 | Reached XP level 25. HP: 198/199 MP: 43/43
 68291 | Depths:3 | Found a one-way gate leading to the halls of Pandemonium.
 68679 | Depths:3 | Received a gift from Okawaru
 69396 | Depths:4 | Found a gateway to a ziggurat.
 69416 | Depths:4 | Found a flickering gateway to a bazaar.
 69421 | Bazaar   | Entered a bazaar
 69440 | Bazaar   | Found Nyuqok's General Store.
 69494 | Bazaar   | Found Xonnuwot's Food Shoppe.
 69518 | Bazaar   | Found Qudi's Jewellery Emporium.
 69536 | Bazaar   | Found Fetiaph's Gadget Shoppe.
 69577 | Bazaar   | Found Vurobbuj's Weapon Shoppe.
 69623 | Bazaar   | Bought a wand of heal wounds (3/9) for 630 gold pieces
 70184 | Lair:2   | Learned a level 7 spell: Spellforged Servitor
 70414 | Elf:3    | Bought Patola's Advanced Guide to the Hermit's Heritage for 1732 gold pieces
 70420 | Elf:3    | Learned a level 5 spell: Aura of Abjuration
 70816 | Orc:2    | Bought the ring "Zuisat" {rCorr rC+ rN+ Str-4} for 327 gold pieces
 71345 | Depths:4 | Reached skill level 1 in Summonings
 71864 | Depths:3 | Received a gift from Okawaru
 72338 | Depths:4 | Reached skill level 5 in Summonings
 72362 | Depths:4 | Received a gift from Okawaru
 72962 | Depths:5 | Entered Level 5 of the Depths
 73324 | Depths:5 | Noticed Sojobo
 73512 | Depths:4 | Killed Sojobo
 74045 | Depths:5 | Received a gift from Okawaru
 74150 | Depths:5 | Found a gate to the Realm of Zot.
 74743 | Depths:5 | Gained mutation: You are strongly in touch with the powers of death. [Mummy growth]
 74743 | Depths:5 | Reached XP level 26. HP: 202/207 MP: 42/43
 75161 | Tomb:1   | Entered Level 1 of the Tomb of the Ancients
 75373 | Tomb:1   | Reached skill level 5 in Evocations
 76910 | Tomb:2   | Noticed a greater mummy
 76919 | Tomb:1   | Received a gift from Okawaru
 76920 | Tomb:1   | Got an ichor-stained demon trident {god gift}
 76921 | Tomb:1   | Identified the +3 demon trident "Fastrut" {pain, +Fly MP+9 Int+4} (Okawaru gifted it to you on level 1 of the Tomb of the Ancients)
 77066 | Tomb:2   | Noticed a greater mummy
 77066 | Tomb:2   | Noticed a greater mummy
 77067 | Tomb:2   | Noticed a greater mummy
 77262 | Tomb:1   | Killed a greater mummy
 77399 | Tomb:1   | Killed a greater mummy
 77681 | Tomb:1   | Killed a greater mummy
 77997 | Tomb:2   | Killed a greater mummy
 77997 | Tomb:2   | Reached skill level 10 in Summonings
 78274 | Tomb:1   | Noticed a greater mummy
 78278 | Tomb:1   | Noticed a greater mummy
 78289 | Tomb:2   | Killed a greater mummy
 78302 | Tomb:2   | Killed a greater mummy
 78415 | Tomb:1   | Noticed a greater mummy
 78510 | Tomb:1   | Killed a greater mummy
 78532 | Tomb:1   | Noticed a greater mummy
 78543 | Tomb:1   | Noticed a greater mummy
 78546 | Tomb:1   | Killed a greater mummy
 78546 | Tomb:1   | Reached skill level 15 in Shields
 78562 | Tomb:1   | Killed a greater mummy
 78585 | Tomb:1   | Noticed a greater mummy
 78597 | Tomb:1   | Killed a greater mummy
 78598 | Tomb:1   | Noticed a greater mummy
 78640 | Tomb:1   | Received a gift from Okawaru
 78641 | Tomb:1   | Got a bloodstained hand axe {god gift}
 78677 | Tomb:1   | Killed a greater mummy
 78678 | Tomb:1   | Identified the +2 hand axe of Chance {drain, rPois rF+ Dex+4} (Okawaru gifted it to you on level 1 of the Tomb of the Ancients)
 78736 | Tomb:1   | Noticed a greater mummy
 78754 | Tomb:1   | Killed a greater mummy
 78754 | Tomb:1   | Reached skill level 17 in Spellcasting
 78771 | Tomb:1   | Noticed a greater mummy
 78792 | Tomb:1   | Killed a greater mummy
 78798 | Tomb:1   | Noticed a greater mummy
 78799 | Tomb:1   | Noticed a greater mummy
 78814 | Tomb:1   | Noticed a greater mummy
 78816 | Tomb:1   | Killed a greater mummy
 78821 | Tomb:1   | Noticed a greater mummy
 78918 | Tomb:1   | Killed a greater mummy
 79010 | Tomb:1   | Killed a greater mummy
 79010 | Tomb:1   | Received a gift from Okawaru
 79032 | Tomb:1   | Killed a greater mummy
 79105 | Tomb:1   | Noticed a greater mummy
 79124 | Tomb:1   | Killed a greater mummy
 79137 | Tomb:1   | Noticed a greater mummy
 79138 | Tomb:1   | Noticed a greater mummy
 79192 | Tomb:1   | Killed a greater mummy
 79192 | Tomb:1   | Reached XP level 27. HP: 206/213 MP: 32/44
 79200 | Tomb:1   | Noticed a greater mummy
 79218 | Tomb:1   | Killed a greater mummy
 79230 | Tomb:1   | Killed a greater mummy
 79275 | Tomb:1   | Noticed a greater mummy
 79296 | Tomb:1   | Killed a greater mummy
 79468 | Tomb:3   | Entered Level 3 of the Tomb of the Ancients
 80182 | Tomb:2   | Received a gift from Okawaru
 80183 | Tomb:2   | Got heavily runed quicksilver dragon scales {god gift}
 80194 | Tomb:2   | Identified the quicksilver dragon scales "Duorac" {rPois rF- MR+ Str+9 Stlth-} (Okawaru gifted it to you on level 2 of the Tomb of the Ancients)
 80208 | Tomb:3   | Noticed a greater mummy
 80667 | Tomb:3   | Noticed a greater mummy
 80712 | Tomb:2   | Killed a greater mummy
 80932 | Tomb:2   | Killed a greater mummy
 80932 | Tomb:2   | Reached skill level 15 in Conjurations
 81011 | Tomb:3   | Noticed an ancient lich
 81428 | Tomb:3   | Noticed a greater mummy
 81614 | Tomb:2   | Killed an ancient lich
 81614 | Tomb:2   | Reached skill level 15 in Earth Magic
 81777 | Tomb:2   | Killed a greater mummy
 82048 | Tomb:3   | Noticed a greater mummy
 82064 | Tomb:3   | Killed a greater mummy
 82085 | Tomb:3   | Noticed a greater mummy
 82086 | Tomb:3   | Noticed a greater mummy
 82087 | Tomb:3   | Noticed a greater mummy
 82101 | Tomb:3   | Killed a greater mummy
 82118 | Tomb:3   | Killed a greater mummy
 82125 | Tomb:3   | Noticed a greater mummy
 82127 | Tomb:3   | Killed a greater mummy
 82127 | Tomb:3   | Received a gift from Okawaru
 82140 | Tomb:3   | Killed a greater mummy
 82141 | Tomb:3   | Got a distressingly furry robe {god gift}
 82142 | Tomb:3   | Identified the +1 robe of the Blue Moon {rC+ Str+7} (Okawaru gifted it to you on level 3 of the Tomb of the Ancients)
 82159 | Tomb:3   | Got a golden rune of Zot
 82502 | Tomb:3   | Got a bound amber ring
 82503 | Tomb:3   | Identified the ring "Nered" {rN+ Int+3} (You found it on level 3 of the Tomb of the Ancients)
 82506 | Tomb:3   | Got a warped trident
 82507 | Tomb:3   | Identified the cursed +2 trident "Ketaik" {drain, +Rage rPois rC+} (You found it on level 3 of the Tomb of the Ancients)
 82886 | Tomb:3   | Got a jewelled ring mail
 82922 | Tomb:3   | Identified the +0 ring mail of Yredelemnul's Whim {rF+ Dex+3 Stlth+} (You found it on level 3 of the Tomb of the Ancients)
 84146 | Depths:1 | Voluntarily entered the Abyss.
 84697 | Abyss:1  | Paralysed by accursed screaming for 1 turns
 84941 | Abyss:1  | Reached skill level 18 in Spellcasting
 85017 | Abyss:1  | Reached skill level 1 in Staves
 85092 | Abyss:2  | Found a corrupted altar of Lugonu.
 85166 | Abyss:2  | Found a corrupted altar of Lugonu.
 85482 | Abyss:2  | Got a faintly humming ring mail
 85483 | Abyss:2  | Identified the +4 ring mail of Yredelemnul's Hope {Str+3} (You found it on level 2 of the Abyss)
 86307 | Abyss:2  | Paralysed by accursed screaming for 1 turns
 86311 | Abyss:2  | Paralysed by accursed screaming for 1 turns
 86713 | Abyss:3  | Paralysed by you for 2 turns
 86731 | Abyss:3  | Received a gift from Okawaru
 86756 | Abyss:3  | Paralysed by accursed screaming for 1 turns
 86813 | Abyss:3  | Got an abyssal rune of Zot
 86883 | Abyss:3  | Got a jewelled leather armour
 86978 | Abyss:3  | Identified the +3 leather armour "Xekkupen" {*Slow Dex+3} (You found it on level 3 of the Abyss)
 87350 | Depths:1 | Escaped the Abyss
 87501 | Hell     | Entered the Vestibule of Hell
 87501 | Hell     | Noticed Geryon
 88069 | Hell     | Received a gift from Okawaru
 88271 | Hell     | Killed Geryon
 89147 | Hell     | Found a gateway to the decaying netherworld of Tartarus.
 89219 | Hell     | Found a gateway to the freezing wastes of Cocytus.
 89450 | Hell     | Found a gateway to the Iron City of Dis.
 90004 | Hell     | Found a gateway to the ashen valley of Gehenna.
 90764 | D:3      | Fell from the grace of Okawaru
 90764 | D:3      | Became a worshipper of Makhleb the Destroyer
 91072 | Depths:1 | Voluntarily entered the Abyss.
 91664 | Abyss:1  | Reached * piety under Makhleb
 92004 | Depths:1 | Escaped the Abyss
 92126 | Depths:1 | Voluntarily entered the Abyss.
 92221 | Abyss:1  | Reached ** piety under Makhleb
 92703 | Depths:1 | Escaped the Abyss
 92721 | Depths:1 | Voluntarily entered the Abyss.
 92869 | Abyss:1  | Reached *** piety under Makhleb
 92919 | Abyss:1  | Found a hide-covered altar of Uskayaw.
 92925 | Abyss:1  | Found a hide-covered altar of Uskayaw.
 93084 | Abyss:1  | Found a roughly hewn altar of Beogh.
 93127 | Abyss:1  | Found a roughly hewn altar of Beogh.
 93410 | Abyss:1  | Reached **** piety under Makhleb
 93521 | Abyss:1  | Found a corrupted altar of Lugonu.
 93640 | Abyss:1  | Reached skill level 19 in Spellcasting
 93710 | Abyss:1  | Paralysed by accursed screaming for 2 turns
 93714 | Abyss:1  | Paralysed by accursed screaming for 2 turns
 93816 | Depths:1 | Escaped the Abyss
 93903 | Depths:1 | Voluntarily entered the Abyss.
 93907 | Abyss:1  | Found a corrupted altar of Lugonu.
 94735 | Abyss:1  | Paralysed by accursed screaming for 1 turns
 94767 | Abyss:1  | Reached ***** piety under Makhleb
 95448 | Abyss:1  | Paralysed by accursed screaming for 1 turns
 95494 | Abyss:1  | Paralysed by accursed screaming for 1 turns
 96052 | Abyss:1  | Reached skill level 5 in Staves
 96497 | Abyss:1  | Found a corrupted altar of Lugonu.
 96541 | Depths:1 | Escaped the Abyss
 96543 | Depths:1 | Voluntarily entered the Abyss.
 96900 | Abyss:1  | Found a corrupted altar of Lugonu.
 97128 | Depths:1 | Escaped the Abyss
 97446 | Depths:1 | Voluntarily entered the Abyss.
 97515 | Abyss:1  | Reached ****** piety under Makhleb
 97999 | Abyss:1  | Paralysed by accursed screaming for 1 turns
 98810 | Abyss:1  | Was forgiven by Okawaru
 99788 | Abyss:1  | Found a snail-covered altar of Cheibriados.
100093 | Depths:1 | Escaped the Abyss
100298 | Pan      | Entered Pandemonium
100310 | Pan      | Found an exit through the horrors of the Abyss.
100565 | Pan      | Found a runed door.
100598 | Pan      | Reached skill level 10 in Evocations
100869 | Pan      | Noticed Tatoer the pandemonium lord
101143 | Pan      | Killed Tatoer the pandemonium lord
101449 | Pan      | Noticed Cit Qau the pandemonium lord
101621 | Pan      | Found an exit through the horrors of the Abyss.
101673 | Pan      | Found a runed door.
102343 | Pan      | Noticed Sewn the pandemonium lord
102356 | Pan      | Killed Sewn the pandemonium lord
102828 | Pan      | Found an exit through the horrors of the Abyss.
102852 | Pan      | Got a creamy pearl robe
102853 | Pan      | Identified the +1 robe of the Endless Expanse {Str+3 Dex-4 SInv} (You found it in Pandemonium)
103028 | Pan      | Noticed Raaq the pandemonium lord
103064 | Pan      | Found an exit through the horrors of the Abyss.
103081 | Pan      | Reached skill level 20 in Spellcasting
103140 | Pan      | Noticed Tiloaxta the pandemonium lord
103161 | Pan      | Killed Tiloaxta the pandemonium lord
103539 | Pan      | Noticed Vyre the pandemonium lord
103568 | Pan      | HP: 8/213 [Vyre the pandemonium lord (25)]
103575 | Pan      | Entered the realm of Mnoleg.
103575 | Pan      | Noticed Mnoleg
104092 | Pan      | HP: 2/213 [Vyre the pandemonium lord (31)]
104094 | Pan      | Mangled by Vyre the pandemonium lord

Vault maps used:
D:1:      dpeg_arrival_tiny_c, patterned_corridor
D:2:      lemuel_upstairs_altar, nicolae_overflow_crystal_walls, first_bread
D:3:      amethyst_overflow_temple_binary, portal_sewer_entry_b,
          cheibrodos_ashenzari_chains, uniq_iyjb
D:4:      enter_ossuary_1
D:5:      grunt_gozag_statues
D:6:      uniq_grinder
D:7:      nicolae_ru_path_of_blood, enter_bailey_2, grunt_livestock, eino_jars,
          uniq_joseph, uniq_pikel
D:8:      wad_woods_pond, lair_0_dummy, serial_shops, shop,
          minmay_misc_feat_roman, minmay_misc_feat_rows,
          kennysheep_generic_room_12
D:9:      marbit_many_paths, kennysheep_decorative_pillar, lightli_minifort
D:10:     minmay_misc_feat_cross, minivault_10, uniq_maurice, uniq_urug,
          uniq_josephine
D:11:     erik_orc_1
D:13:     grunt_ministairs_1, minivault_19
D:14:     david_vaults_2, nicolae_sextant
D:15:     gammafunk_enter_depths_forms, serial_park_tiny_pond, uniq_sonja,
          uniq_rupert
Temple:   regret_index_temple_generic_petals
Lair:1:   grunt_megastairs_4
Lair:2:   minmay_swamp_entry_worms, eino_house_with_fridge, uniq_erica
Lair:3:   guppyfry_snake_entry_island, grunt_forest_large_clearings,
          infiniplex_staircase_pool, lemuel_fruit_tree, uniq_nergalle
Lair:4:   worms_lemuel
Lair:5:   nicolae_quartered_pool_little, bh_autumn_forest_stairs
Lair:6:   guppyfry_lair_end_dragon, hangedman_lair_caniforms_friends,
          minmay_slime_entry_pillars, basic_altar, serial_bayou_lagoon_b,
          lemuel_fruit_fields
Swamp:1:  evilmike_swamp_ruin_wall, cheibrodos_swamp_kobolds, uniq_frances,
          uniq_roxanne, uniq_nikola
Swamp:2:  nicolae_swamp_feature_on_the_river_bank, swamp_pool2
Swamp:3:  cheibrodos_swamp_sealed, evilmike_swamp_ruin_house_4
Swamp:4:  swamp_basic_johnstein, swamp_pool3
Snake:1:  serial_bayou_shore_b
Snake:2:  st_stairs_1, guppyfry_library_mini
Snake:4:  johnstein_snake_rune_scales, basic_altar, uniq_aizul
Orc:1:    minmay_orc_temple_a, uniq_harold
Orc:2:    st_orc_ogre_mass, uniq_azrael
Elf:1:    eino_elf_arrival_customs, mu_enter_wizlab_6, minivault_16,
          billiards_dpeg
Elf:2:    uniq_agnes
Elf:3:    minmay_elf_hall_spiked, serial_shops, shop, grunt_ministairs_10,
          nicolae_rare_books, uniq_donald
Vaults:1: nicolae_vaults_disjoint_gnomons, ontoclasm_vaults_idyll,
          nicolae_vaults_quadrants, ontoclasm_vaults_pinch,
          nicolae_vaults_ring_of_whatevers, ontoclasm_vaults_spin,
          vaults_mumra_minichess, vaults_dpeg_diagonal, v_misc_19,
          grunt_vaults_bifocal, v_misc_14, v_rooms_2, grunt_vaults_swirl,
          vaults_mumra_minichess_inversion, ontoclasm_vaults_idyll,
          grunt_vaults_hallway_short, v_misc_13, nicolae_trove_entry_free_sample
Vaults:2: hangedman_vaults_corner_blocks, minmay_crypt_entry_simple_corners,
          v_pattern_1, v_misc_15, nicolae_vaults_network_quinsquares,
          serial_shops, shop, shop, uniq_saint_roka, uniq_asterion
Vaults:3: nicolae_vaults_stairing_the_circle, st_squares, grunt_vaults_focal,
          nicolae_vaults_three_branches, grunt_vaults_twisty, v_alt_pattern_6,
          hangedman_vaults_corner, nicolae_vaults_little_squares_6,
          nicolae_vaults_circle_grid_a, nicolae_vaults_little_squares_3,
          v_misc_13, basic_altar, serial_shops, nicolae_shop_statue_plus
Vaults:4: ontoclasm_vaults_claustrophobia, nicolae_vaults_specimen_jars,
          v_misc_1, vaults_room_corners, dpeg_vaults_monster_row,
          v_alt_pattern_1, vaults_room_fours, v_misc_30,
          ontoclasm_vaults_ring_small, nicolae_vaults_little_squares_1,
          nicolae_vaults_border_crossing, v_misc_13, uniq_boris
Crypt:1:  hangedman_weighted_door, grunt_megastairs_3
Crypt:2:  st_stairs_5, st_small_mortuary, lemuel_elevator
Crypt:3:  church_of_pain_bobbens, tomb_entry_forgotten_bobbens,
          grunt_ministairs_3
Depths:1: grunt_metal_band, serial_bayou_ford_a, serial_glass, glass_columns_b,
          glass_columns_a, abyss_entry, kennysheep_minor_cross, minivault_16,
          nooodl_food_tri, uniq_bai_suzhen
Depths:2: grunt_profane_halls, hell_entry
Depths:3: kennysheep_gozag_temple, hellmouth_1, rand_demon_pan_entry_4,
          hangedman_abyss_or_decor_stabs
Depths:4: minmay_ornate_pinched, enter_ziggurat_b, abyss_entry, serial_shops,
          bzr_entry_road, hell_entry, serial_glass, glass_columns_a,
          glass_columns_b, kennysheep_just_a_vault,
          infiniplex_staircase_zigzag_5
Depths:5: grunt_twist_and_shout, minmay_room_of_horrors, hex_intersection,
          hell_entry, basic_stair_grate_trap, uniq_sojobo
Abyss:1:  guppyfry_abyss_exit_glass_guarded, evilmike_abyss_exit_16,
          evilmike_abyss_exit_17, evilmike_abyss_exit_6, minivault_24
Abyss:2:  minivault_11
Abyss:3:  dshaligram_kb_abyss_rune_zappy_water_cross
Pan:      rand_demon_9, regret_index_pan_draining_boxed, pan_blood_fountain,
          pan_blood_fountain_small, grunt_pan_frozen_over, rand_demon_2,
          nicolae_pan_door_chamber, rand_demon_2, nicolae_pan_sigil_obb,
          pan_captured_pigsty, nicolae_pan_cerebovesque_1, grunt_pan_pentagram,
          nicolae_pan_strange_glyphs, evilmike_mnoleg_eyes
Bazaar:   bazaar_jpeg_circle_rare_2
Trove:    trove_weapon_1
Sewer:    kennysheep_door_sewer
Ossuary:  ossuary_tomb_2
Bailey:   bailey_polearm_1, bailey
WizLab:   wizlab_lehudib

Skill      XL: |  1  2  3  4  5  6  7  8  9 10 11 12 13 14 15 16 17 18 19 20 21 22 23 24 25 26 27 |
---------------+----------------------------------------------------------------------------------+-----
Polearms       | 2 3 4 6 7 10 11 12 13 14 | 14.0
Charms         | 3 4 6 7 |  7.6
Spellcasting   | 3 4 5 6 7 8 9 10 11 12 13 14 15 16 17 20 | 20.1
Dodging        | 1 3 4 6 8 9 10 11 12 | 12.6
Armour         | 3 4 6 7 8 9 10 11 12 | 12.7
Shields        | 3 4 6 7 8 9 10 11 12 13 14 15 | 15.0
Fighting       | 4 6 7 9 10 11 12 14 15 16 | 16.8
Invocations    | 3 5 7 8 |  8.0
Stealth        | 3 5 6 8 9 |  9.0
Earth Magic    | 4 6 8 9 10 11 12 13 14 17 | 17.6
Conjurations   | 3 6 7 9 10 11 12 13 14 17 | 17.8
Evocations     | 2 4 6 10 | 10.4
Summonings     | 9 10 14 | 14.9
Staves         | 7 |  7.1

Action                   |  1- 3 |  4- 6 |  7- 9 | 10-12 | 13-15 | 16-18 | 19-21 | 22-24 | 25-27 || total
-------------------------+-------+-------+-------+-------+-------+-------+-------+-------+-------++-------
Melee: Spear             |    95 |       |       |       |       |       |       |       |       ||    95
       Trident           |    23 |   167 |   203 |   838 |  1752 |  1887 |  1580 |       |    10 ||  6460
       Punch             |       |       |       |     3 |       |       |       |       |       ||     3
       Demon trident     |       |       |       |       |       |       |   380 |  2786 |  3508 ||  6674
       Staff             |       |       |       |       |       |       |       |     1 |  3705 ||  3706
 Cast: Infusion          |    19 |     7 |       |       |       |       |       |       |       ||    26
       Shroud of Golubri |       |     3 |     5 |     8 |     9 |    10 |       |     2 |       ||    37
       Spectral Weapon   |       |     7 |    25 |   119 |   156 |   179 |   163 |   188 |   168 ||  1005
       Song of Slaying   |       |     3 |     2 |     5 |    30 |    26 |    28 |    27 |    14 ||   135
       Blink             |       |       |       |     1 |     1 |       |       |     2 |     6 ||    10
       Repel Missiles    |       |       |       |     1 |     2 |     6 |    16 |     7 |    10 ||    42
       Lesser Beckoning  |       |       |       |       |       |     1 |       |       |       ||     1
       Iron Shot         |       |       |       |       |       |       |       |    64 |   569 ||   633
       Aura of Abjuratio |       |       |       |       |       |       |       |       |    74 ||    74
       Spellforged Servi |       |       |       |       |       |       |       |       |    33 ||    33
Invok: Heroism           |       |     3 |     6 |    10 |    24 |    28 |    31 |    33 |    22 ||   157
       Finesse           |       |       |       |       |     1 |     5 |     7 |     4 |     7 ||    24
       Greater Servant o |       |       |       |       |       |       |       |       |     2 ||     2
 Abil: Stop Singing      |       |       |       |       |       |     1 |     1 |     7 |     2 ||    11
Evoke: Wand              |       |       |    17 |     1 |     1 |     3 |     1 |     7 |    49 ||    79
  Use: Scroll            |     1 |     7 |    11 |    18 |    16 |    11 |    19 |    27 |    29 ||   139
 Stab: Sleeping          |     1 |     8 |       |     3 |     8 |    11 |    24 |    13 |     8 ||    76
       Paralysed         |       |       |    20 |       |       |       |       |       |       ||    20
       Distracted        |       |       |     1 |    12 |    31 |    31 |    32 |    46 |    72 ||   225
       Confused          |       |       |       |       |     4 |     1 |     1 |       |       ||     6
       Invisible         |       |       |       |       |       |       |       |       |     4 ||     4
Armor: Leather armour    |    33 |    49 |    39 |   179 |    86 |       |       |       |       ||   386
       Robe              |       |       |       |       |    72 |       |       |       |       ||    72
       Mottled dragon sc |       |       |       |       |    92 |       |       |       |       ||    92
       Troll leather arm |       |       |       |       |    79 |   262 |   205 |       |       ||   546
       Fire dragon scale |       |       |       |       |       |       |     2 |   742 |  2795 ||  3539
       Ice dragon scales |       |       |       |       |       |       |       |       |    11 ||    11
Dodge: Dodged            |    82 |    81 |    69 |   287 |   697 |   690 |   509 |   799 |  2632 ||  5846
       Deflected         |       |       |       |       |    15 |    30 |    57 |    53 |    59 ||   214
Block: Buckler           |       |       |       |    21 |   242 |       |       |       |       ||   263
       Shield            |       |       |       |       |   132 |   821 |   702 |  1069 |  3513 ||  6237
       Reflection        |       |       |       |       |       |       |     7 |    96 |    66 ||   169
